 Dungeon Crawl Stone Soup version 0.31.0-12-g77e489cdc1 (webtiles) character file.

Game seed: 17534471804284896994

57 Gadfly the Covered (level 3, -1/31 HPs)
             Began as an Armataur Fighter on Feb 28, 2024.
             Slain by a hound (5 damage)
             ... on level 5 of the Dungeon.
             The game lasted 00:03:39 (1494 turns).

Gadfly the Covered (Armataur Fighter)               Turns: 1494, Time: 00:03:39

Health: -1/31      AC:  8    Str: 21    XL:     3   Next: 73%
Magic:  3/3        EV:  5    Int:  8    God:
Gold:   104        SH:  5    Dex: 17    Spells: 2/2 levels left

rFire   . . .        a - +1 flail
rCold   . . .        c - +0 buckler
rNeg    . . .        l - +0 chain mail
rPois   .            (no helmet)
rElec   .            (no cloak)
rCorr   .            (no gloves)
SInv    .            (no barding)
Will    .....        (no amulet) Stlth
                     e - +6 ring of dexterity
HPRegen 0.25/turn    (no ring)
MPRegen 0.08/turn

%: roll
@: marked, invisible
A: large, deformed body, tough skin 3, armoured tail, roll 1
a: no special abilities


You were on level 5 of the Dungeon.
You visited 1 branch of the dungeon, and saw 4 of its levels.

You collected 150 gold pieces.
You spent 46 gold pieces at shops.

Inventory:

Hand Weapons
 a - a +1 flail (weapon)
Armour
 c - a +0 buckler (worn)
 l - a +0 chain mail (worn)
Jewellery
 e - a +6 ring of dexterity (left hand)
 m - a ring of ice
Scrolls
 b - a scroll of revelation
Potions
 d - 2 potions of might
 h - a potion of ambrosia {unknown}
 j - a potion of berserk rage {unknown}
 n - a potion of curing {unknown}


   Skills:
 + Level 3.0 Fighting
 * Level 2.2 Maces & Flails
 + Level 4.0 Armour
 + Level 3.5 Shields
 * Level 1.2 Invocations
 * Level 1.3 Evocations


You had 2 spell levels left.
You didn't know any spells.
Your spell library was empty.

Dungeon Overview and Level Annotations

Branches:
Dungeon (3/15)

Altars:
Trog

Shops:
D:2 *


Innate Abilities, Weirdness & Mutations

Armour fits poorly on your strangely shaped body.
You have extremely tough skin. (AC +3)
You have a long armoured tail.
You regenerate magic when rolling toward enemies. (Rampage MPRegen)


Message History

The hound bites you but does no damage. The iguana barely misses you.
The hound bites you.
You hit the iguana but do no damage.
The iguana is moderately wounded.
The hound bites you but does no damage.
The iguana bites you but does no damage.
The hound bites you. The iguana bites you.
You barely miss the iguana.
The iguana is moderately wounded.
You block the hound's attack. The iguana bites you!
* * * LOW HITPOINT WARNING * * *
The hound bites you.
* * * LOW HITPOINT WARNING * * *
You are too injured to fight recklessly!
You are too injured to fight recklessly!
You are too injured to fight recklessly!
You are too injured to fight recklessly!
You are too injured to fight recklessly!
You are too injured to fight recklessly!
You are too injured to fight recklessly!
You are too injured to fight recklessly!
You are too injured to fight recklessly!
You are too injured to fight recklessly!
You are too injured to fight recklessly!
You are too injured to fight recklessly!
You are too injured to fight recklessly!
You are too injured to fight recklessly!
You are too injured to fight recklessly!
Unknown command.
It was a potion of invisibility.
You fade into invisibility!
The hound barely misses you. The iguana barely misses you.
The hound attacks as it pursues you! The hound bites you but does no damage.
The iguana bites you but does no damage.
The hound barely misses you. The iguana closely misses you.
The hound attacks as it pursues you! The hound bites you.
* * * LOW HITPOINT WARNING * * *
The hound bites you.
You die...

##.##
##.##########
#.##
##.........#
##.##
##.########.#
####.###.##
#..
#.....#.##
###
##.####### #
#..l.# #..h##
# #...@+ #
#..#......♣ #
#........♣♣ #
#.##.+..♣♣ #
#. ####♣♣ #
#. #. ##


You could see an iguana (unable to see you) and a hound.

Vanquished Creatures
  A ribbon worm (D:2)
  2 dart slugs (D:1)
  6 bats
  5 endoplasms
  3 giant cockroaches
  5 goblins
  4 hobgoblins
  4 jackals (D:2)
  A kobold (D:1)
  8 ball pythons
  2 frilled lizards (D:1)
  5 rats
46 creatures vanquished.

Notes
Turn   | Place    | Note
-------+----------+-------------------------------------------
     0 | D:1      | Gadfly the Armataur Fighter began the quest for the Orb.
     0 | D:1      | Reached XP level 1. HP: 18/18 MP: 1/1
    88 | D:1      | Reached XP level 2. HP: 16/25 MP: 2/2
   416 | D:1      | Reached skill level 1 in Invocations
   416 | D:1      | Reached skill level 1 in Evocations
   514 | D:1      | Reached XP level 3. HP: 30/30 MP: 3/3
   765 | D:2      | Found a bloodstained altar of Trog.
  1038 | D:2      | Found Miresast's Assorted Antiques.
  1049 | D:2      | Bought a bubbling yellow potion for 14 gold pieces
  1049 | D:2      | Bought a scroll labelled YGHIGIUDIR for 16 gold pieces
  1049 | D:2      | Bought a scroll labelled FOGUITAANU for 16 gold pieces
  1353 | D:3      | Found a faded altar of an unknown god.
  1400 | D:3      | Reached skill level 4 in Armour
  1430 | D:3      | You fall into a shaft and drop 2 floors!
  1430 | D:5      | Entered Level 5 of the Dungeon
  1494 | D:5      | Slain by a hound

Illustrated notes

Levels and vault maps discovered:
D:1:      minmay_arrival_doors, layout_rooms
D:2:      layout_loops_ring, serial_shops, nicolae_square_shop, basic_altar
D:3:      layout_loops_ring, trog_butcher_becter, basic_ecumenical_altar
D:5:      layout_loops_ring, minmay_misc_feat_five, uniq_edmund,
          uniq_crazy_yiuf_cottage

Skill      XL: |  1  2  3 |
---------------+----------+-----
Maces & Flails | 2 |  2.2
Invocations    | 1 |  1.2
Evocations     | 1 |  1.3
Fighting       | 3 |  3.0
Armour         | 4 |  4.0
Shields        | |  3.5

Action                     || total
---------------------------++-------
  Melee: Flail             ||   126
         Tailslap          ||    13
    Use: Scroll            ||     7
         Potion            ||     2
 Armour: Scale mail        ||    83
         Chain mail        ||    56
  Dodge: Dodged            ||    43
  Block: Buckler           ||    35
